XFBL
MONTREAL EXPOS @ NEW YORK METS
06/22/1982
 
TOP OF THE 1ST
Montreal Expos batting - Pitching for New York Mets : LHP Rick Jones
Pitching: LHP Rick Jones
Batting: LHB Duane Walker 0-0: Called Strike
0-1: SINGLE (Line Drive, 78S, EV 91.9 MPH)
Batting: SHB Garry Templeton 0-0: SINGLE (Groundball, 6MD, EV 101.3 MPH)
Duane Walker to second
Runner from 2nd tries for 3rd, SAFE, no throw by CF
Batting: RHB Dale Murphy 0-0: Fielders Choice at 2nd, 5-4 (Groundball, 56, EV 103.8 MPH)
Duane Walker scores
Batting: RHB Dave Winfield 0-0: Called Strike
0-1: Ball
1-1: Foul Ball, location: 2F
1-2: SINGLE (Line Drive, 4MD, EV 101.9 MPH)
Dale Murphy to second
Runner from 2nd tries for 3rd, SAFE, throw by CF made to third
Batting: LHB Guonçalo Fernandes 0-0: Ball
1-0: Called Strike
1-1: Fly out, F8 (Flyball, 8RD, EV 90.0 MPH)
Runner from 3rd tags up, SCORES, throw by CF
Batting: SHB Alex Ortiz 0-0: Foul Ball, location: 2F
0-1: Ball
1-1: Called Strike
1-2: SINGLE (Line Drive, 4D, EV 96.9 MPH)
Dave Winfield to second
Runner from 2nd tries for 3rd, SAFE, no throw by CF
Batting: LHB Ernesto Quevedo 0-0: Ball
1-0: SINGLE (Groundball, 6S, EV 68.1 MPH) (infield hit)
Dave Winfield scores
Alex Ortiz to second
Batting: SHB Biff Pocoroba 0-0: Ball
1-0: Called Strike
1-1: Ball
2-1: Foul Ball, location: 2F
2-2: SINGLE (Groundball, 56D, EV 95.0 MPH)
Alex Ortiz to third
Ernesto Quevedo to second
Runner from 3rd tries for Home, SAFE, throw by LF to home
Batting: LHB Mark W Davis 0-0: Ground out U3 (Groundball, 3, EV 81.9 MPH)
Top of the 1st over - 4 runs, 6 hits, 0 errors, 2 left on base; Montreal 4 - New York 0
BOTTOM OF THE 1ST
New York Mets batting - Pitching for Montreal Expos : LHP Mark W Davis
Pitching: LHP Mark W Davis
Batting: RHB Ray Knight 0-0: Ball
1-0: Fly out, F7 (Flyball, 7S, EV 90.6 MPH)
Batting: LHB Terry Kennedy 0-0: SINGLE (Line Drive, 89S, EV 107.5 MPH)
Batting: SHB Ken Singleton 0-0: Foul Ball, location: 2F
0-1: Ball
1-1: Ball
2-1: Ball
3-1: Swinging Strike
3-2: Foul Ball, location: 2F
3-2: SINGLE (Line Drive, 8RS, EV 93.1 MPH)
Terry Kennedy to second
Batting: RHB Garry Maddox 0-0: Ball
1-0: Ball
2-0: Grounds into double play, 6-4-3 (Groundball, 6, EV 87.5 MPH)
Bottom of the 1st over - 0 runs, 2 hits, 0 errors, 1 left on base; Montreal 4 - New York 0
TOP OF THE 2ND
Montreal Expos batting - Pitching for New York Mets : LHP Rick Jones
Batting: LHB Duane Walker 0-0: Foul Ball, location: 2F
0-1: Ball
1-1: Ball
2-1: Fly out, F8 (Flyball, 8LXD, EV 95.6 MPH)
Batting: SHB Garry Templeton 0-0: Ball
1-0: Foul Ball, location: 2F
1-1: Ball
2-1: Foul Ball, location: 2F
2-2: Ball
3-2: Base on Balls
Batting: RHB Dale Murphy 0-0: Ball
1-0: Called Strike
1-1: Ball
2-1: SINGLE (Line Drive, 34D, EV 96.3 MPH)
Garry Templeton to second
Runner from 2nd tries for 3rd, SAFE, throw by RF made to third
Batting: RHB Dave Winfield 0-0: Called Strike
0-1: Grounds into double play, 5-4-3 (Groundball, 56, EV 91.3 MPH)
Top of the 2nd over - 0 runs, 1 hit, 0 errors, 1 left on base; Montreal 4 - New York 0
BOTTOM OF THE 2ND
New York Mets batting - Pitching for Montreal Expos : LHP Mark W Davis
Batting: LHB John Kruk 0-0: Foul Ball, location: 2F
0-1: Ball
1-1: DOUBLE (Flyball, 78XD, EV 99.4 MPH)
Batting: RHB Dave Concepcion 0-0: Called Strike
0-1: Swinging Strike
0-2: Ball
1-2: Strikes out swinging
Batting: RHB Rick Burleson 0-0: Called Strike
0-1: Ground out 1-3 (Groundball, 15, EV 65.6 MPH)
Batting: LHB Lyman Bostock 0-0: Ball
1-0: SINGLE (Line Drive, 4M, EV 98.1 MPH)
John Kruk to third
Runner from 3rd tries for Home, SAFE, throw by CF to home
Batting: LHB Rick Jones 0-0: Ball
1-0: Ball
2-0: Ball
3-0: Called Strike
3-1: Foul Ball, location: 2F
3-2: Strikes out swinging
Bottom of the 2nd over - 1 run, 2 hits, 0 errors, 1 left on base; Montreal 4 - New York 1
TOP OF THE 3RD
Montreal Expos batting - Pitching for New York Mets : LHP Rick Jones
Batting: LHB Guonçalo Fernandes 0-0: Ball
1-0: Called Strike
1-1: Ball
2-1: Foul Ball, location: 2F
2-2: Ground out 1-3 (Groundball, 13S, EV 70.6 MPH)
Batting: SHB Alex Ortiz 0-0: Ground out 6-3 (Groundball, 6, EV 108.8 MPH)
Batting: LHB Ernesto Quevedo 0-0: Called Strike
0-1: SINGLE (Line Drive, 5D, EV 98.1 MPH)
Batting: SHB Biff Pocoroba 0-0: Ball
1-0: Ball
2-0: Foul Ball, location: 2F
2-1: Ball
3-1: Ground out 4-3 (Groundball, 4, EV 79.4 MPH)
Top of the 3rd over - 0 runs, 1 hit, 0 errors, 1 left on base; Montreal 4 - New York 1
BOTTOM OF THE 3RD
New York Mets batting - Pitching for Montreal Expos : LHP Mark W Davis
Batting: RHB Ray Knight 0-0: Ball
1-0: Ball
2-0: Fly out, F4 (Flyball, 34D, EV 79.4 MPH)
Batting: LHB Terry Kennedy 0-0: SINGLE (Flyball, 4D, EV 87.5 MPH)
Batting: SHB Ken Singleton 0-0: Ball
1-0: Foul Ball, location: 2F
1-1: SINGLE (Flyball, 9S, EV 86.3 MPH)
Terry Kennedy to second
Runner from 2nd tries for 3rd, SAFE, throw by RF made to third
Batting: RHB Garry Maddox 0-0: Ball
1-0: Foul Ball, location: 2F
1-1: Ball
2-1: Foul Ball, location: 2F
2-2: Foul Ball, location: 2F
2-2: Fly out, F9 (Flyball, 9D, EV 85.0 MPH)
Runner from 3rd tags up, OUT at HOME! 9-2
Bottom of the 3rd over - 0 runs, 2 hits, 0 errors, 1 left on base; Montreal 4 - New York 1
TOP OF THE 4TH
Montreal Expos batting - Pitching for New York Mets : LHP Rick Jones
Batting: LHB Mark W Davis 0-0: Ball
1-0: Called Strike
1-1: Called Strike
1-2: Ball
2-2: Strikes out swinging
Batting: LHB Duane Walker 0-0: Foul Ball, location: 2F
0-1: Ball
1-1: Swinging Strike
1-2: Foul Ball, location: 2F
1-2: Ball
2-2: Ball
3-2: Foul Ball, location: 2F
3-2: Foul Ball, location: 2F
3-2: Base on Balls
Batting: SHB Garry Templeton 0-0: Ball
1-0: Foul Ball, location: 2F
1-1: SINGLE (Line Drive, 5D, EV 105.6 MPH)
Duane Walker to second
Batting: RHB Dale Murphy 0-0: Ball
1-0: Fielders Choice at 2nd, 2-6 (Groundball, 13S, EV 67.5 MPH)
Duane Walker to third
Batting: RHB Dave Winfield 0-0: Called Strike
0-1: Foul Ball, location: 2F
0-2: Ball
1-2: Ball
2-2: Ball
3-2: Fly out, F9 (Flyball, 89M, EV 88.1 MPH)
Top of the 4th over - 0 runs, 1 hit, 0 errors, 2 left on base; Montreal 4 - New York 1
BOTTOM OF THE 4TH
New York Mets batting - Pitching for Montreal Expos : LHP Mark W Davis
Batting: LHB John Kruk 0-0: Ball
1-0: Called Strike
1-1: Ball
2-1: Fly out, F7 (Flyball, 7LM, EV 91.3 MPH)
Batting: RHB Dave Concepcion 0-0: Ball
1-0: Ground out 1-3 (Groundball, P, EV 60.0 MPH)
Batting: RHB Rick Burleson 0-0: Ball
1-0: Called Strike
1-1: Ball
2-1: Called Strike
2-2: DOUBLE (Line Drive, 7LS, EV 98.1 MPH)
Batting: LHB Lyman Bostock 0-0: Called Strike
0-1: Foul Ball, location: 2F
0-2: Strikes out swinging
Bottom of the 4th over - 0 runs, 1 hit, 0 errors, 1 left on base; Montreal 4 - New York 1
TOP OF THE 5TH
Montreal Expos batting - Pitching for New York Mets : LHP Rick Jones
Batting: LHB Guonçalo Fernandes 0-0: Ball
1-0: Called Strike
1-1: Ball
2-1: Swinging Strike
2-2: Ball
3-2: Foul Ball, location: 2F
3-2: Fly out, F4 (Line Drive, 4, EV 68.8 MPH)
Batting: SHB Alex Ortiz 0-0: Ground out 4-3 (Groundball, 4S, EV 82.5 MPH)
Batting: LHB Ernesto Quevedo 0-0: Swinging Strike
0-1: Ball
1-1: Swinging Strike
1-2: Fly out, F5 (Line Drive, 5, EV 65.0 MPH)
Top of the 5th over - 0 runs, 0 hits, 0 errors, 0 left on base; Montreal 4 - New York 1
BOTTOM OF THE 5TH
New York Mets batting - Pitching for Montreal Expos : LHP Mark W Davis
Batting: LHB Rick Jones 0-0: Ball
1-0: Ball
2-0: Called Strike
2-1: Ball
3-1: Called Strike
3-2: Strikes out looking
Batting: RHB Ray Knight 0-0: Swinging Strike
0-1: DOUBLE (Line Drive, 9LM, EV 104.4 MPH)
Batting: LHB Terry Kennedy 0-0: Ground out 4-3 (Groundball, 4M, EV 107.5 MPH)
Ray Knight to third
Batting: SHB Ken Singleton 0-0: Ball
1-0: Fly out, F8 (Flyball, 8RXD, EV 98.8 MPH)
Bottom of the 5th over - 0 runs, 1 hit, 0 errors, 1 left on base; Montreal 4 - New York 1
TOP OF THE 6TH
Montreal Expos batting - Pitching for New York Mets : LHP Rick Jones
Batting: SHB Biff Pocoroba 0-0: Called Strike
0-1: Ball
1-1: Called Strike
1-2: Ball
2-2: SINGLE (Groundball, 6MD, EV 95.0 MPH)
Batting: LHB Mark W Davis 0-0: Sac Bunt to 25 - play at first, batter OUT! 5-4
Biff Pocoroba to second
Batting: LHB Duane Walker 0-0: Foul Ball, location: 2F
0-1: SINGLE (Line Drive, 34D, EV 101.3 MPH)
Biff Pocoroba to third
Runner from 3rd tries for Home, SAFE, throw by RF to home
Batting: SHB Garry Templeton 0-0: Ball
Duane Walker steals 2nd base (no throw)
1-0: Called Strike
1-1: Called Strike
1-2: Strikes out swinging
Batting: RHB Dale Murphy 0-0: Ball
1-0: Ball
2-0: Ball
3-0: Base on Balls
Batting: RHB Dave Winfield 0-0: Ball
1-0: Ball
2-0: Foul Ball, location: 2F
2-1: Fly out, F8 (Flyball, 8LM, EV 90.0 MPH)
Top of the 6th over - 1 run, 2 hits, 0 errors, 2 left on base; Montreal 5 - New York 1
BOTTOM OF THE 6TH
New York Mets batting - Pitching for Montreal Expos : LHP Mark W Davis
Batting: RHB Garry Maddox 0-0: Ball
1-0: Ball
2-0: Called Strike
2-1: Swinging Strike
2-2: Foul Ball, location: 2F
2-2: Strikes out swinging
Batting: LHB John Kruk 0-0: Ball
1-0: Ball
2-0: Foul Ball, location: 2F
2-1: Fly out, F7 (Flyball, 7S, EV 63.8 MPH)
Batting: RHB Dave Concepcion 0-0: Fly out, F6 (Line Drive, 6, EV 64.4 MPH)
Bottom of the 6th over - 0 runs, 0 hits, 0 errors, 0 left on base; Montreal 5 - New York 1
TOP OF THE 7TH
Montreal Expos batting - Pitching for New York Mets : LHP Rick Jones
Pitching: LHP William Scholl
Batting: LHB Guonçalo Fernandes 0-0: DOUBLE (Groundball, 3L, EV 100.6 MPH)
Batting: SHB Alex Ortiz 0-0: Hit by Pitch
Batting: LHB Ernesto Quevedo 0-0: Foul Ball, location: 2F
0-1: Fielders Choice at 2nd, 5-4 (Groundball, 5, EV 80.0 MPH)
Guonçalo Fernandes to third
Batting: SHB Biff Pocoroba 0-0: Ball
1-0: Ball
2-0: Ball
3-0: Base on Balls
Ernesto Quevedo to second
Batting: LHB Mark W Davis 0-0: Ball
1-0: SINGLE (Groundball, 34D, EV 98.1 MPH)
Guonçalo Fernandes scores
Ernesto Quevedo to third
Biff Pocoroba to second
Runner from 3rd tries for Home, SAFE, throw by RF to home
Batting: LHB Duane Walker 0-0: Called Strike
0-1: Called Strike
0-2: Ball
1-2: Strikes out swinging
Batting: SHB Garry Templeton 0-0: Reached via error on a dropped throw from 2B, E3 (Groundball, 4S, EV 68.1 MPH)
Biff Pocoroba to third
Mark W Davis to second
Batting: RHB Dale Murphy 0-0: Ball
1-0: Ball
2-0: Called Strike
2-1: Foul Ball, location: 2F
2-2: Ball
3-2: Foul Ball, location: 2F
3-2: Base on Balls
Biff Pocoroba scores
Mark W Davis to third
Garry Templeton to second
Batting: RHB Dave Winfield 0-0: Swinging Strike
0-1: Swinging Strike
0-2: Ball
1-2: Foul Ball, location: 2F
1-2: Ball
2-2: Foul Ball, location: 2F
2-2: Ground out 4-3 (Groundball, 4S, EV 85.6 MPH)
Top of the 7th over - 3 runs, 2 hits, 1 error, 3 left on base; Montreal 8 - New York 1
BOTTOM OF THE 7TH
New York Mets batting - Pitching for Montreal Expos : LHP Mark W Davis
Batting: RHB Rick Burleson 0-0: Called Strike
0-1: Ground out 6-3 (Groundball, 6, EV 103.8 MPH)
Batting: LHB Lyman Bostock 0-0: Called Strike
0-1: Called Strike
0-2: Fly out, F7 (Line Drive, 7, EV 105.0 MPH)
Batting: LHB William Scholl 0-0: Ball
1-0: Called Strike
1-1: Ball
2-1: Called Strike
2-2: Strikes out swinging
Bottom of the 7th over - 0 runs, 0 hits, 0 errors, 0 left on base; Montreal 8 - New York 1
TOP OF THE 8TH
Montreal Expos batting - Pitching for New York Mets : LHP William Scholl
Batting: LHB Guonçalo Fernandes 0-0: Called Strike
0-1: Ball
1-1: Ball
2-1: Called Strike
2-2: Fly out, F4 (Flyball, 34D, EV 96.3 MPH)
Pinch Hitting: RHB Philip Klimas 0-0: Called Strike
0-1: Foul Ball, location: 2F
0-2: Strikes out swinging
Batting: LHB Ernesto Quevedo 0-0: Called Strike
0-1: Ball
1-1: Ball
2-1: Ball
3-1: Foul Ball, location: 2F
3-2: Base on Balls
Batting: SHB Biff Pocoroba 0-0: Ball
1-0: Fielders Choice at 2nd, 6-4 (Groundball, 56, EV 86.9 MPH)
Top of the 8th over - 0 runs, 0 hits, 0 errors, 1 left on base; Montreal 8 - New York 1
BOTTOM OF THE 8TH
New York Mets batting - Pitching for Montreal Expos : LHP Mark W Davis
Now at 2B: Timnothy Meyer
Batting: RHB Ray Knight 0-0: SINGLE (Line Drive, 9LS, EV 95.0 MPH)
Batting: LHB Terry Kennedy 0-0: Swinging Strike
0-1: Swinging Strike
0-2: Strikes out swinging
Batting: SHB Ken Singleton 0-0: Called Strike
0-1: SINGLE (Line Drive, 8RS, EV 103.8 MPH)
Ray Knight to second
Batting: RHB Garry Maddox 0-0: Called Strike
0-1: Ball
1-1: Foul Ball, location: 2F
1-2: Strikes out looking
Batting: LHB John Kruk 0-0: Ball
1-0: Foul Ball, location: 2F
1-1: Ball
2-1: Called Strike
2-2: Foul Ball, location: 2F
2-2: Strikes out looking
Bottom of the 8th over - 0 runs, 2 hits, 0 errors, 2 left on base; Montreal 8 - New York 1
TOP OF THE 9TH
Montreal Expos batting - Pitching for New York Mets : LHP William Scholl
Batting: LHB Mark W Davis 0-0: Ball
1-0: Hit by Pitch
Pitching: RHP Raymond Price
Batting: LHB Duane Walker 0-0: Ball
1-0: Foul Ball, location: 2F
1-1: Ball
2-1: Ball
3-1: 2-RUN HOME RUN (Line Drive, 9LD, EV 101.3 MPH), Distance : 361 ft
Batting: SHB Garry Templeton 0-0: Ground out 4-3 (Groundball, 34D, EV 100.6 MPH)
Pinch Hitting: LHB Gene Krug 0-0: Called Strike
0-1: Fly out, F8 (Flyball, 8LD, EV 91.3 MPH)
Batting: RHB Dave Winfield 0-0: Ball
1-0: Ground out 6-3 (Groundball, 6M, EV 92.5 MPH)
Top of the 9th over - 2 runs, 1 hit, 0 errors, 0 left on base; Montreal 10 - New York 1
BOTTOM OF THE 9TH
New York Mets batting - Pitching for Montreal Expos : LHP Mark W Davis
Now at 1B: Gene Krug
Batting: RHB Dave Concepcion 0-0: Ball
1-0: Fly out, F6 (Popup, 6M, EV 76.9 MPH)
Batting: RHB Rick Burleson 0-0: Ground out 5-3 (Groundball, 56, EV 86.3 MPH)
Batting: LHB Lyman Bostock 0-0: Ball
1-0: Called Strike
1-1: Ground out 5-3 (Groundball, 25, EV 85.6 MPH)
Bottom of the 9th over - 0 runs, 0 hits, 0 errors, 0 left on base; Montreal 10 - New York 1
Monday, August 10th, 2020 - OOTP Baseball 21.5 Build 76